 Dungeon Crawl Stone Soup version 0.26.0-10-g1f06aea511 (webtiles) character file.

Game seed: 4428138847701481463

31 sanka the Magician (level 3, -3/26 HPs)
             Began as a Ghoul Hedge Wizard on Jan 17, 2021.
             Slain by an adder (5 damage)
             ... on level 1 of the Dungeon.
             The game lasted 00:02:00 (1593 turns).

sanka the Magician (Ghoul Hedge Wizard)             Turns: 1593, Time: 00:02:00

Health: -3/26      AC:  2    Str: 13    XL:     3   Next: 22%
Magic:  1/6        EV: 12    Int: 10    God:
Gold:   47         SH:  0    Dex:  8    Spells: 4/7 levels left

rFire    . . .     SeeInvis .   e - +0 spear
rCold    + . .     Faith    .   (no shield)
rNeg     + + +     Spirit   .   b - +0 robe
rPois    ∞         Reflect  .   c - +0 hat
rElec    .         Harm     .   (no cloak)
rCorr    .         Rampage  .   (no gloves)
Will     .....                  (no boots)
Stlth    ++........             (no amulet)
HPRegen  0.00/turn              (no ring)
MPRegen  0.10/turn              (no ring)

@: very slightly contaminated
A: claws 1, cold resistance 1, negative energy resistance 3, inhibited
regeneration, torment resistance, unbreathing
a: no special abilities


You were on level 1 of the Dungeon.
You visited 1 branch of the dungeon, and saw 2 of its levels.

You collected 47 gold pieces.


Innate Abilities, Weirdness & Mutations

You thrive by killing the living.
You are immune to poison.
You have sharp fingernails.
Your flesh is cold resistant. (rC+)
You are immune to negative energy. (rN+++)
You do not regenerate when monsters are visible.
You are immune to unholy pain and torment.
You can survive without breathing.


   Skills:
 - Level 1.7 Dodging
 - Level 2.1 Stealth
 + Level 2.7 Spellcasting
 + Level 1.6 Conjurations
 * Level 2.0 Summonings
 - Level 0.8 Translocations


You had 4 spell levels left.
You knew the following spells:

 Your Spells              Type           Power        Failure   Level
x - Call Imp              Summ           5%           19%         2
z - Magic Dart            Conj           16%          14%         1

Your spell library contained the following spells:

 Spells                   Type           Power        Failure   Level
 Blink                    Tloc           N/A          30%         2
 Slow                     Hex            1%           41%         2
 Conjure Flame            Conj/Fire      3%           52%         3
 Mephitic Cloud           Conj/Pois/Air  2%           56%         3

Inventory:

Hand Weapons
 a - a +0 dagger
 e - a +0 spear (weapon)
Missiles
 m - a throwing net {=f}
Armour
 b - a +0 robe (worn)
 c - a +0 hat (worn)
Scrolls
 d - 3 scrolls of identify {unknown}
 g - a scroll of noise {unknown}
 j - a scroll of remove curse {unknown}
Potions
 f - a potion of ambrosia {unknown}
 h - 2 potions of mutation {unknown}
 i - a potion of resistance {unknown}
 k - a potion of curing {unknown}
 l - a potion of haste {unknown}

Dungeon Overview and Level Annotations

Branches:
Dungeon (2/15)

Altars:

▒.▒...▒▒▒▒.▒▒
▒......▒▒...▒
▒............
▒......▒.....
▒(▒..........
▒........▒.▒.
▒.......▒...▒
▒▒▒▒▒▒▒.......▒▒.▒▒
▒.nS...........(.▒
▒.▒▒▒▒▒........▒▒▒
▒.▒ ▒.....(..▒ ▒.▒
▒>.......▒ ▒.▒
▒▒.......▒ ▒.▒▒
▒.......▒ ▒..▒
▒.......▒
▒▒▒▒.▒▒▒▒▒▒▒▒.▒▒▒▒
▒..........▒▒.▒


You could see an adder.


Message History

Aiming: Magic Dart (safe; 14% risk of failure)
Aim: an adder (lightly wounded, 0% to evade)
The magic dart hits the adder but does no damage.
The adder is lightly wounded.
The adder bites you.
* * * LOW HITPOINT WARNING * * *
Unknown command.
Aiming: Magic Dart (safe; 14% risk of failure)
Aim: an adder (lightly wounded, 0% to evade)
The magic dart hits the adder.
The adder is lightly wounded.
The adder barely misses you.
Aiming: Magic Dart (safe; 14% risk of failure)
Aim: an adder (lightly wounded, 0% to evade)
You miscast Magic Dart.
Nothing appears to happen.
The adder misses you. The adder bites you.
* * * LOW HITPOINT WARNING * * *
Unknown command.
You don't have enough magic to cast that spell.
Unknown command.
The adder bites you.
* * * LOW HITPOINT WARNING * * *
The adder bites you.
* * * LOW HITPOINT WARNING * * *
Things that are here:
a cursed -3 dagger; a goblin skeleton The adder bites you.
You die...

Action                   || total
-------------------------++-------
Melee: Spear             ||    49
 Cast: Magic Dart        ||    44
Armor: Robe              ||     4
Dodge: Dodged            ||    48

Levels and vault maps discovered:
D:1:      amcnicky_arrival_abandoned_market, layout_loops_ring,
          chequers_serial_rivers_micro_d, roderic_lattice_a
D:2:      layout_basic, chequers_ecumenical_altar_simple_redux

Notes
Turn   | Place    | Note
-------+----------+-------------------------------------------
     0 | D:1      | sanka the Ghoul Hedge Wizard began the quest for the Orb.
     0 | D:1      | Reached XP level 1. HP: 14/14 MP: 3/3
    70 | D:1      | Reached skill level 1 in Conjurations
   194 | D:1      | Reached XP level 2. HP: 20/20 MP: 0/4
   238 | D:1      | Learned a level 2 spell: Call Imp
   265 | D:1      | Reached skill level 1 in Summonings
   990 | D:1      | Reached XP level 3. HP: 26/26 MP: 4/6
  1080 | D:1      | Reached skill level 2 in Summonings
  1589 | D:1      | HP: 2/26 [adder (2)]
  1593 | D:1      | Slain by an adder

Vanquished Creatures
  An ooze (D:1)
  A leopard gecko (D:1)
  A bat (D:1)
  8 goblins (D:1)
  2 hobgoblins (D:1)
  3 jackals (D:1)
  A frilled lizard (D:1)
  5 kobolds (D:1)
  A rat (D:1)
23 creatures vanquished.

Table legend: (Time is in decaauts)
 A = Elapsed time spent in this place.
 B = Non-inter-level travel time spent in this place.
 C = Inter-level travel time spent in this place.
 D = Time resting spent in this place.
 E = Time spent auto-exploring this place.
 F = Levels seen in this place.
 G = Mean time per level.
                   A        B        C        D        E       F      G
               +--------+--------+--------+--------+--------+-----+--------+
         Total |   1597 |   1578 |     19 |    675 |    726 |   2 |  798.5 |
       Dungeon |   1597 |   1578 |     19 |    675 |    726 |   2 |  798.5 |
               +--------+--------+--------+--------+--------+-----+--------+

Top non-repeatable levels by time:
     D:1: 1595 daAuts
     D:2: 1 daAuts
